 Dungeon Crawl Stone Soup version 0.27-a0-223-ge082b6e869 (webtiles) character file.

Game seed: 11112583700056774368

81 benadryl the Caller (level 4, -1/26 HPs)
             Began as a Gargoyle Summoner on Jan 31, 2021.
             Slain by an orc warrior
             ... wielding a +0 morningstar
              (15 damage)
             ... on level 3 of the Dungeon on Feb 1, 2021.
             The game lasted 00:06:02 (2841 turns).

benadryl the Caller (Gargoyle Summoner)             Turns: 2841, Time: 00:06:03

Health: -1/26      AC:  8    Str: 12    XL:     4   Next: 42%
Magic:  4/8        EV: 12    Int: 16    God:
Gold:   117        SH:  0    Dex: 10    Spells: 5/8 levels left

rFire    . . .     SeeInvis .   b - +0 dagger
rCold    . . .     Faith    .   (no shield)
rNeg     + . .     Spirit   .   a - +0 robe
rPois    ∞         Reflect  .   (no helmet)
rElec    +         Harm     .   (no cloak)
rCorr    .         Rampage  .   l - +2 pair of gloves
Will     .....                  (no boots)
Stlth    ++........             (no amulet)
HPRegen  0.08/turn              (no ring)
MPRegen  0.11/turn              (no ring)

@: no status effects
A: negative energy resistance 1, electricity resistance, unbreathing,
petrification resistance, miasma immunity, AC +3
a: no special abilities


You were on level 3 of the Dungeon.
You visited 1 branch of the dungeon, and saw 3 of its levels.

You collected 117 gold pieces.

Inventory:

Hand Weapons
 b - a +0 dagger (weapon)
Missiles
 g - 11 poisoned darts
Armour
 a - a +0 robe (worn)
 l - a +2 pair of gloves (worn)
Jewellery
 c - an uncursed ring of protection from cold
Scrolls
 e - a scroll of teleportation
 f - a scroll of identify {unknown}
 h - 2 scrolls of remove curse {@r2}
 m - a scroll of magic mapping
Potions
 d - 2 potions of attraction {unknown}
 i - 2 potions of magic {unknown}
 j - a potion of resistance {unknown}
 k - 2 potions of curing {unknown}


   Skills:
 + Level 1.9 Fighting
 - Level 1.5 Dodging
 - Level 2.1 Stealth
 + Level 2.6 Spellcasting
 * Level 4.5 Summonings


You had 5 spell levels left.
You knew the following spells:

 Your Spells              Type           Power        Failure   Level
a - Summon Small Mammal   Summ           64%          3%          1
b - Call Imp              Summ           16%          4%          2

Your spell library contained the following spells:

 Spells                   Type           Power        Failure   Level
 Call Canine Familiar     Summ           16%          9%          3
 Summon Guardian Golem    Hex/Summ       9%           22%         3
 Summon Ice Beast         Ice/Summ       9%           58%         4
 Summon Lightning Spire   Summ/Air       9%           58%         4


Dungeon Overview and Level Annotations

Branches:
Dungeon (3/15)

Altars:
Yredelemnul


Innate Abilities, Weirdness & Mutations

You are resistant to torment.
Your stone body is resilient. (AC +3)
You are immune to poison.
You resist negative energy. (rN+)
You are resistant to electric shocks. (rElec)
You can survive without breathing.
You are immune to petrification.
You are immune to miasma.


Message History

You completely miss the orc wizard.
The orc wizard is moderately wounded.
The orc wizard hits you but does no damage.
The orc warrior hits you with a +0 morningstar!
You closely miss the orc wizard.
The orc wizard is lightly wounded.
The orc wizard closely misses you.
The orc warrior hits your crimson imp with a +0 morningstar!
You closely miss the orc wizard.
The orc wizard is lightly wounded.
The orc wizard hits you but does no damage.
The orc warrior hits your crimson imp with a +0 morningstar!
Your crimson imp dies!
Casting: Call Imp (safe; 4% risk of failure)
Confirm with . or Enter, or press ? or * to list all spells.
A beastly little devil appears in a puff of frigid air.
The orc wizard hits you but does no damage.
The orc warrior hits you with a +0 morningstar!
Ouch! That really hurt!
You die...

##...#.#
#####.#.#
#......#
#.......# ##
##...#.#
#.###.### ..
##.##.###.###.#
#.##.##.........#
#...........#####
####.########
####.######
#.@o......#
####o##.####(#
#..5l...#
#.##.#o.## #
#..5..# #.....#
...........
#.###.....## #
.......


You could see an orc warrior, an orc wizard, a frilled lizard and a friendly
white imp (summoned).

Vanquished Creatures
  2 adders (D:2)
  A worm (D:2)
  A leopard gecko (D:2)
  5 giant cockroaches
  4 goblins
  A hobgoblin (D:1)
  A ball python (D:1)
  5 bats
  A kobold (D:3)
  3 rats
24 creatures vanquished.

Vanquished Creatures (collateral kills)
  A gnoll (D:1)
  2 adders
  3 worms
  3 goblins (D:2)
  4 hobgoblins
  3 jackals (D:1)
  2 quokkas (D:2)
  2 bats
  3 kobolds
  3 rats
26 creatures vanquished.

Grand Total: 50 creatures vanquished

Notes
Turn   | Place    | Note
-------+----------+-------------------------------------------
     0 | D:1      | benadryl the Gargoyle Summoner began the quest for the Orb.
     0 | D:1      | Reached XP level 1. HP: 10/10 MP: 3/3
   228 | D:1      | Reached XP level 2. HP: 4/16 MP: 3/5
   491 | D:1      | Learned a level 2 spell: Call Imp
   774 | D:1      | Reached skill level 1 in Fighting
   774 | D:1      | Reached skill level 4 in Summonings
  1022 | D:2      | Found a basalt altar of Yredelemnul.
  1052 | D:2      | Reached XP level 3. HP: 4/20 MP: 1/6
  1837 | D:2      | Upgraded the game from 0.27-a0-216-g1fbed8a51c to
                  | 0.27-a0-223-ge082b6e869
  2088 | D:2      | Reached XP level 4. HP: 25/25 MP: 4/7
  2823 | D:3      | Noticed an orc warrior
  2841 | D:3      | Slain by an orc warrior

Illustrated notes

Levels and vault maps discovered:
D:1:      dpeg_arrival_pits, layout_basic, corexii_item_surrounded_by_moat,
          minmay_misc_feat_roman
D:2:      cheibrodos_helix_gallery, layout_rooms, lemuel_crystal_altar,
          minivault_25
D:3:      layout_loops_corners, okawaru_ov_weapons_minmay, lemuel_doored_altar

Skill      XL: |  1  2 |
---------------+-------+-----
Fighting       | 1 |  1.9
Summonings     | 4 |  4.5
Dodging        | |  1.5
Stealth        | |  2.1
Spellcasting   | |  2.6

Action                   |  1- 3 |  4- 6 || total
-------------------------+-------+-------++-------
Melee: Unarmed           |    15 |       ||    15
       Dagger            |    99 |    56 ||   155
 Cast: Summon Small Mamm |     7 |     1 ||     8
       Call Imp          |    17 |     7 ||    24
  Use: Scroll            |     4 |       ||     4
 Stab: Sleeping          |     3 |     1 ||     4
       Distracted        |     1 |       ||     1
Armor: Robe              |    50 |    21 ||    71
Dodge: Dodged            |   104 |    33 ||   137

Table legend: (Time is in decaauts)
 A = Elapsed time spent in this place.
 B = Non-inter-level travel time spent in this place.
 C = Inter-level travel time spent in this place.
 D = Time resting spent in this place.
 E = Time spent auto-exploring this place.
 F = Levels seen in this place.
 G = Mean time per level.
                   A        B        C        D        E       F      G
               +--------+--------+--------+--------+--------+-----+--------+
         Total |   2843 |   2788 |     55 |   1219 |   1054 |   3 |  947.7 |
       Dungeon |   2843 |   2788 |     55 |   1219 |   1054 |   3 |  947.7 |
               +--------+--------+--------+--------+--------+-----+--------+

Top non-repeatable levels by time:
     D:1: 1307 daAuts
     D:2: 1138 daAuts
     D:3: 397 daAuts
